 Dungeon Crawl Stone Soup version 0.19.4-8-ga85b6b9 (webtiles) character file.

4811 Jerry the Carver (level 10, -4/80 HPs)
             Began as a Formicid Fighter on Feb 12, 2017.
             Was an Initiate of Gozag.
             Shot with a bolt by a tengu warrior (10 damage)
             ... on level 14 of the Dungeon on Feb 13, 2017.
             The game lasted 00:30:10 (8882 turns).

Jerry the Carver (Formicid Fighter)                 Turns: 8882, Time: 00:30:11

Health: -4/80      AC: 14    Str: 23    XL:     10   Next: 77%
Magic:  10/10      EV:  9    Int: 11    God:    Gozag
Gold:   573        SH:  4    Dex: 11    Spells: 2 memorised, 5 levels left

rFire  . . .     SeeInvis +     k - +7 long sword (flame)
rCold  . . .     Gourm    .     j - +1 chain mail
rNeg   . . .     Faith    .     (no shield)
rPois  .         Spirit   .     (helmet unavailable)
rElec  .         Reflect  .     (no cloak)
rCorr  .         Harm     .     E - +0 pair of gloves
MR     +....                    (no boots)
Stlth  ..........               (no amulet)
                                v - +2 ring of slaying
                                z - ring of the Octopus King {AC+1 EV+1 Str+1 Int+1 Dex+1 Stlth+}

@: lethally poisoned (-4 -> -9)
A: permanent stasis, dig shafts and tunnels, four strong arms, antennae 3, large
bone plates 1
a: Dig, Shaft Self, Potion Petition, Call Merchant, Bribe Branch, Renounce
Religion


You were on level 14 of the Dungeon.
You worshipped Gozag.
Gozag was pleased with you.
You were near starving.

You visited 2 branches of the dungeon, and saw 12 of its levels.
You also visited: Ossuary.

You collected 1084 gold pieces.
You spent 378 gold pieces at shops.
You paid 133 gold pieces to Gozag.

Inventory:

Hand Weapons
 k - a +7 long sword of flaming (weapon)
Armour
 c - a +0 shield
 j - a +1 chain mail (worn)
 E - a +0 pair of gloves (worn)
 F - a +0 plate armour
Jewellery
 i - an uncursed ring of fire
 v - a +2 ring of slaying (right hand)
 z - a ring of the Octopus King (left hand) {AC+1 EV+1 Str+1 Int+1 Dex+1 Stlth+}
   (You found it on level 8 of the Dungeon)

   [ring of stealth]

   It affects your AC (+1).
   It affects your evasion (+1).
   It affects your strength (+1).
   It affects your intelligence (+1).
   It affects your dexterity (+1).
   It makes you more stealthy.
Wands
 u - a wand of digging (22/24)
 H - a wand of random effects (19/48)
 I - a wand of flame (16/48)
Scrolls
 a - a scroll of enchant weapon {unknown}
 l - a scroll of recharging
 m - 6 scrolls of remove curse
 n - 3 scrolls of enchant armour
 y - a scroll of fog {unknown}
 C - a scroll of summoning
 D - a scroll of identify
 G - 2 scrolls of holy word {unknown}
Potions
 d - 2 potions of agility
 e - a potion of ambrosia
 h - a potion of invisibility
 o - a potion of heal wounds
 p - 6 potions of curing
 q - a potion of magic
 s - a potion of lignification
 t - a potion of flight
 w - 2 potions of brilliance {unknown}
 A - a potion of cancellation {unknown}
Books
 b - a book of Minor Magic

   Spells                             Type                      Level
   a - Magic Dart                     Conjuration                  1
   b - Blink                          Translocation                2
   c - Call Imp                       Summoning                    2
   d - Repel Missiles                 Charms/Air                   2
   e - Slow                           Hexes                        2
   f - Conjure Flame                  Conjuration/Fire             3
   g - Mephitic Cloud                 Conjuration/Poison/Air       3
 g - a book of Necromancy

   Spells                             Type                      Level
   a - Pain                           Necromancy                   1
   b - Animate Skeleton               Necromancy                   1
   c - Vampiric Draining              Necromancy                   3
   d - Regeneration                   Charms/Necromancy            3
   e - Animate Dead                   Necromancy                   4
   f - Control Undead                 Necromancy                   4
Comestibles
 f - 5 bread rations
 x - 3 fruits
 B - a meat ration


   Skills:
 + Level 7.9 Fighting
 * Level 9.4 Long Blades
 - Level 3.7 Throwing
 + Level 7.7 Armour
 + Level 8.9 Shields


You had 5 spell levels left.
You knew the following spells:

 Your Spells              Type           Power        Failure   Level  Hunger
a - Animate Skeleton      Necr           N/A          99%         1    ##.....
b - Regeneration          Chrm/Necr      #.........   100%        3    ####...


Dungeon Overview and Level Annotations

Branches:
Dungeon (9/15)             Temple (1/1) D:6            Lair (0/6) D:8
    Orc (0/2) D:9

Altars:
Cheibriados
Elyvilon
Gozag
Hepliaklqana
Okawaru
Ru
Sif Muna
Uskayaw
Vehumet
Xom
Zin
The Shining One

Shops:
D:6 :   D:9 (((?


Innate Abilities, Weirdness & Mutations

You are under a permanent stasis effect.
You can dig through walls and to a lower floor.
Your four strong arms can wield two-handed weapons with a shield.
You have a pair of large antennae on your head. (SInv)
You are partially covered in large bone plates. (SH +4)


Message History

The centaur warrior shoots an arrow.
The arrow barely misses you.
The tengu conjurer casts a spell at you.
The bolt of poison hits you!
You are poisoned.
* * * LOW HITPOINT WARNING * * *
The battlesphere fires!
The barrage of energy hits you!
* * * LOW HITPOINT WARNING * * *
A battlesphere comes into view.
You see here an arrow.
You feel sick.
The tengu warrior shoots a bolt.
The bolt hits you!
* * * LOW HITPOINT WARNING * * *
The vampire mosquito closely misses you.
Found a scroll of amnesia.
You see here a bolt.
* * * LOW HITPOINT WARNING * * *
You feel sick.
The vampire mosquito closely misses you.
The tengu warrior shoots a bolt.
The bolt hits you!
You die...
Your body crumbles into a pile of gold.

#.............u........
........{.....(.........
..?.....O....(..........
.......#{y..............
......###Z.(............
.......#..Q............#
.......y.(...###......##
.......uy.*..# .....##
.......@.....# ....##
#............Q.. ..##
#................
#.............Q..
................#
...............##
################


You could see a brown ugly thing, 2 tengu warriors, a tengu conjurer, 3 vampire
mosquitoes, a battlesphere and a centaur warrior zombie.

Vanquished Creatures
  The ghost of Opal776 the Chopper, a novice DrBe of Trog (D:6)
  Pikel (D:4)
  Joseph (D:7)
  2 hippogriffs (D:7)
  A wraith (Ossuary)
  Menkaure (D:6)
  Duvessa (D:7)
  An orc warrior (D:7)
  2 ice beasts
  A sky beast (D:6)
  An eye of draining (D:9)
  An ogre (D:9)
  A phantom (D:6)
  4 centaurs
  Blork the orc (D:6)
  A big kobold (D:8)
  An elf zombie (Ossuary)
  4 bullfrogs (D:6)
  A gnoll sergeant (D:7)
  Dowan (D:7)
  A scorpion (D:6)
  5 wights (D:6)
  4 crimson imps
  A quasit (D:6)
  3 hounds
  3 jellies
  2 orc priests
  2 bullfrog skeletons
  2 orc wizards (D:8)
  Jessica (D:2)
  2 iguanas (D:6)
  Terence (D:2)
  5 worker ants
  Natasha (D:1)
  A hound zombie (D:6)
  The ghost of chipmonk the Sneak, a weakling SpAs (D:3)
  3 mummies (Ossuary)
  4 gnolls (D:7)
  7 adders
  A howler monkey skeleton (D:7)
  2 shadow imps (D:6)
  2 adder zombies
  An adder skeleton (D:4)
  A worm (D:4)
  2 dart slugs
  3 leopard geckos
  11 orcs
  3 ball pythons
  6 giant cockroaches
  4 goblins
  8 hobgoblins
  5 quokkas
  11 bats
  4 frilled lizards
  4 goblin zombies (Ossuary)
  14 kobolds
  2 kobold zombies (Ossuary)
  2 leopard gecko zombies
  10 rats
173 creatures vanquished.

Vanquished Creatures (others)
  A sky beast (D:6)
  An orc wizard (D:5)
  A hound skeleton (D:5)
  5 orcs (D:5)
  4 jackals (D:5)
  A hobgoblin zombie (Ossuary)
13 creatures vanquished.

Grand Total: 186 creatures vanquished

Notes
Turn   | Place    | Note
-------+----------+-------------------------------------------
     0 | D:1      | Jerry the Formicid Fighter began the quest for the Orb.
     0 | D:1      | Reached XP level 1. HP: 18/18 MP: 1/1
   188 | D:1      | Reached XP level 2. HP: 24/24 MP: 2/2
   543 | D:1      | Reached XP level 3. HP: 27/29 MP: 3/3
   836 | D:2      | Noticed Natasha
   854 | D:1      | Killed Natasha
   854 | D:1      | Reached XP level 4. HP: 12/36 MP: 4/4
  1128 | D:2      | Noticed Jessica
  1148 | D:2      | Killed Jessica
  1148 | D:2      | Reached skill level 3 in Long Blades
  1253 | D:2      | Found a faded altar of an unknown god.
  1259 | D:2      | Noticed Terence
  1272 | D:2      | Killed Terence
  1272 | D:2      | Reached XP level 5. HP: 38/42 MP: 5/5
  1892 | D:3      | Noticed chipmonk's ghost (weakling SpAs)
  1902 | D:3      | Killed chipmonk's ghost
  2627 | D:3      | Gained mutation: You are partially covered in large bone plates. (SH +4) [potion of beneficial mutation]
  3235 | D:4      | Reached XP level 6. HP: 48/48 MP: 6/6
  3295 | D:5      | Entered Level 5 of the Dungeon
  3295 | D:5      | Noticed Pikel
  3295 | D:5      | Noticed a slave
  3295 | D:5      | Noticed a slave
  3295 | D:5      | Noticed a slave
  3295 | D:5      | Noticed a slave
  3308 | D:4      | Killed Pikel
  3308 | D:4      | Reached skill level 5 in Long Blades
  3308 | D:4      | Reached skill level 5 in Shields
  3308 | D:4      | Reached XP level 7. HP: 25/55 MP: 7/7
  3590 | D:5      | Learned a level 1 spell: Animate Skeleton
  3594 | D:5      | Learned a level 3 spell: Regeneration
  3725 | D:5      | Reached skill level 5 in Fighting
  3725 | D:5      | Reached XP level 8. HP: 62/62 MP: 8/8
  3752 | D:5      | Reached skill level 5 in Armour
  4184 | D:6      | Reached skill level 6 in Long Blades
  4301 | D:6      | HP: 1/63 [centaur (4)]
  4668 | D:6      | Reached XP level 9. HP: 69/69 MP: 9/9
  4687 | D:6      | Noticed Menkaure
  4866 | D:6      | Killed Menkaure
  4891 | D:6      | Noticed Blork the orc
  4892 | D:6      | Reached skill level 7 in Long Blades
  4915 | D:6      | Killed Blork the orc
  5019 | D:6      | Found a staircase to the Ecumenical Temple.
  5041 | Temple   | Entered the Ecumenical Temple
  5063 | Temple   | Became a worshipper of Gozag Ym Sagoz the Greedy
  5200 | D:6      | Noticed Opal776's ghost (novice DrBe)
  5324 | D:6      | Killed Opal776's ghost
  5397 | D:6      | Found Estroax Duna's Book Shoppe.
  5592 | D:7      | Found a sand-covered staircase.
  5596 | Ossuary  | Entered an ossuary
  5633 | Ossuary  | Reached skill level 8 in Long Blades
  5696 | Ossuary  | Reached XP level 10. HP: 44/77 MP: 10/10
  6496 | D:7      | Noticed Dowan
  6497 | D:7      | Noticed Duvessa
  6535 | D:7      | Killed Duvessa
  6542 | D:7      | Killed Dowan
  6999 | D:7      | Noticed Joseph
  7014 | D:7      | Killed Joseph
  7014 | D:7      | Reached skill level 9 in Long Blades
  7753 | D:8      | Got a ring of the Octopus King
  7754 | D:8      | Identified a ring of the Octopus King {AC+1 EV+1 Str+1 Int+1 Dex+1 Stlth+} (You found it on level 8 of the Dungeon)
  7946 | D:8      | Found a staircase to the Lair.
  8288 | D:9      | Found Xakicaano's Antique Weapon Shoppe.
  8288 | D:9      | Found Bushroj Oxod's Antique Weapon Shoppe.
  8291 | D:9      | Found Bugh's Magic Scroll Shoppe.
  8294 | D:9      | Found Puudeofuu's Weapon Shoppe.
  8306 | D:9      | Bought a scroll of brand weapon for 240 gold pieces
  8306 | D:9      | Bought a scroll of identify for 24 gold pieces
  8306 | D:9      | Bought a scroll of summoning for 114 gold pieces
  8611 | D:9      | Found a staircase to the Orcish Mines.
  8791 | D:9      | You fall through a shaft for 3 floors!
  8791 | D:12     | Noticed a gargoyle
  8797 | D:12     | You fall through a shaft for 2 floors!
  8802 | D:14     | Noticed a tengu warrior
  8843 | D:14     | Noticed a purple ugly thing
  8844 | D:14     | Noticed a purple ugly thing
  8844 | D:14     | Noticed a purple ugly thing
  8847 | D:14     | Noticed a purple ugly thing
  8874 | D:14     | Noticed a centaur warrior
  8878 | D:14     | Noticed a tengu warrior
  8882 | D:14     | Shot with a bolt by a tengu warrior

Skill      XL: |  1  2  3  4  5  6  7  8  9 10 |
---------------+-------------------------------+-----
Shields        | 4 5 6 7 8 |  8.9
Long Blades    | 3 5 6 8 9 |  9.4
Armour         | 4 5 6 7 |  7.7
Fighting       | 4 5 6 7 |  7.9
Throwing       | 2 3 |  3.7

Action                   |  1- 3 |  4- 6 |  7- 9 | 10-12 || total
-------------------------+-------+-------+-------+-------++-------
Melee: Long sword        |    97 |   186 |   207 |   161 ||   651
Throw: Throwing net      |       |       |     2 |       ||     2
 Abil: Dig               |       |       |     1 |       ||     1
       Shaft Self        |       |       |       |     1 ||     1
Evoke: Wand              |       |       |     7 |       ||     7
  Use: Scroll            |       |    12 |     2 |    10 ||    24
       Potion            |       |     5 |     1 |       ||     6
 Stab: Held in net/web   |       |       |     2 |       ||     2
       Distracted        |       |       |       |     1 ||     1
  Eat: Chunk             |       |     7 |     6 |       ||    13
       Beef jerky        |       |       |     1 |       ||     1
       Bread ration      |       |       |     1 |     1 ||     2
       Pizza             |       |       |       |     1 ||     1
Armor: Scale mail        |    22 |       |       |       ||    22
       Chain mail        |    33 |   141 |   104 |    76 ||   354
       Skin              |       |       |     9 |       ||     9
Dodge: Dodged            |    26 |    94 |    72 |    59 ||   251
Block: Shield            |    63 |     6 |       |       ||    69
       Other             |       |     2 |    27 |    32 ||    61
       Rpst.: Long sword |     8 |    35 |    24 |    11 ||    78
